Map: Rifts to Korhal

Players

Smileblind

  • Race: Protoss Protoss
  • League: Silver
  • Spawn Location: 7:00

ZenethIxil

  • Race: Protoss Protoss
  • Spawn Location: 7:00

VOD

Have the link to the VOD?

Description

Time

  • Played on: Feb. 9, 2019, 6:46 p.m.
  • Length: 20:00
Show
View Real Time Build Order
Export as new Build Order

Smileblind Protoss 

Build Orders:  

Get SALT Encoding   

  12  0:04  Probe (Chrono Boost)  
  13  0:27  Pylon  
  13  0:41  Gateway  
  13  0:59  Gateway  
  13  1:03  Probe (Chrono Boost)  
  14  1:17  Probe (Chrono Boost)  
  15  1:31  Probe (Chrono Boost)  
  16  1:42  Pylon  
  16  1:45  Probe (Chrono Boost)  
  17  1:58  Zealot  
  17  1:59  Probe (Chrono Boost)  
  20  2:12  Probe (Chrono Boost)  
  20  2:13  Zealot  
  20  2:19  Zealot  
  25  2:26  Probe (Chrono Boost)  
  26  2:34  Pylon  
  26  2:40  Probe (Chrono Boost)  
  26  2:49  Cybernetics Core  
  27  2:54  Probe (Chrono Boost)  
  28  3:08  Probe (Chrono Boost)  
  28  3:09  Assimilator  
  29  3:15  Assimilator  
  29  3:23  Pylon  
  29  3:28  Zealot  
  31  3:34  Zealot  
  33  3:50  Forge  
  33  3:51  Probe (Chrono Boost)  
  34  4:05  Probe (Chrono Boost)  
  35  4:14  Gateway  
  35  4:22  Pylon  
  35  4:31  Zealot  
  35  4:33  Zealot  
  35  4:38  Probe (Chrono Boost)  
  40  4:52  Probe (Chrono Boost)  
  40  4:59  Pylon  
  41  5:06  Probe (Chrono Boost)  
  42  5:19  Twilight Council  
  42  5:31  Photon Cannon  
  42  5:36  Photon Cannon  
  42  5:48  Dragoon  
  44  6:23  Templar Archives  
  44  6:30  Zealot x3  
  42  7:32  Dragoon  
  42  7:33  Dragoon x4  
  44  8:01  Probe (Chrono Boost)  
  45  8:12  Nexus  
  45  8:15  Probe (Chrono Boost)  
  45  8:17  Assimilator  
  46  8:24  Protoss Ground Weapons Level 1  
  46  8:48  Psionic Storm  
  46  9:00  Protoss Air Weapons Level 1  
  46  9:25  Probe (Chrono Boost)  
  46  9:26  Pylon  
  46  9:28  Pylon  
  47  9:31  Pylon  
  47  9:38  Zealot x2  
  52  9:42  Probe (Chrono Boost)  
  52  9:59  Probe (Chrono Boost)  
  53  10:16  Probe (Chrono Boost)  
  53  10:18  Stargate  
  54  10:22  Gateway  
  54  10:25  High Templar  
  54  10:28  Assimilator  
  56  10:33  Probe (Chrono Boost)  
  56  10:37  Probe (Chrono Boost)  
  58  10:51  Probe (Chrono Boost)  
  58  10:55  Gateway  
  58  10:57  Gateway  
  59  11:01  Charge  
  59  11:05  Probe (Chrono Boost)  
  60  11:19  Probe (Chrono Boost)  
  51  11:33  Probe (Chrono Boost)  
  42  11:40  High Templar x3  
  42  11:49  Probe (Chrono Boost)  
  49  11:55  Phoenix  
  51  12:03  Probe (Chrono Boost)  
  52  12:14  Archon  
  52  12:17  Probe (Chrono Boost)  
  51  12:30  Probe (Chrono Boost)  
  51  12:33  Zealot x2  
  51  12:34  Zealot x2  
  51  12:35  High Templar x2  
  64  12:40  Archon  
  64  12:43  Archon  
  64  12:44  Probe (Chrono Boost)  
  65  12:54  Zealot  
  65  12:55  Zealot x3  
  73  13:11  Plasma Surge  
  73  13:16  Dragoon x4  
  73  13:17  Dragoon  
  71  14:21  Zealot x2  
  71  14:22  Zealot x5  
  71  14:26  High Templar x3  
  91  14:31  Archon  
  91  14:48  Zealot x2  
  95  14:50  Dragoon x2  
  95  14:59  Phoenix  
  101  15:31  Pylon  
  101  15:33  Pylon  
  67  16:36  Zealot x3  
  67  16:37  Zealot x3  
  67  16:38  Zealot  
  67  16:39  Zealot x2  
  85  16:40  Zealot x2  
  85  16:41  Zealot x3  
  85  16:42  Zealot  
  63  17:06  Dragoon x2  
  63  17:07  Dragoon  
  63  17:08  Dragoon  
  51  17:23  Zealot  
  49  17:40  Dragoon x3  
  49  17:41  Dragoon x2  
  59  18:18  Zealot  
  59  18:19  Zealot x2  
  65  18:20  Dragoon  
  65  18:21  Dragoon  
  67  18:52  High Templar  
  67  18:53  High Templar x4  
  67  18:56  Archon x2  
  77  19:08  Zealot x2  
  77  19:09  Zealot x3  
Show
View Real Time Build Order
Export as new Build Order

ZenethIxil Protoss 

Build Orders:  

Get SALT Encoding   

  12  0:08  Probe (Chrono Boost)  
  13  0:22  Probe (Chrono Boost)  
  14  0:36  Probe (Chrono Boost)  
  15  0:54  Pylon  
  15  1:04  Pylon  
  15  1:10  Pylon  
  15  1:18  Probe (Chrono Boost)  
  16  1:24  Gateway  
  16  1:29  Assimilator  
  16  1:32  Probe (Chrono Boost)  
  17  1:43  Assimilator  
  17  1:57  Probe (Chrono Boost)  
  17  1:58  Gateway  
  18  2:12  Probe (Chrono Boost)  
  19  2:26  Probe (Chrono Boost)  
  20  2:34  Legionnaire  
  23  2:40  Probe (Chrono Boost)  
  24  2:54  Probe (Chrono Boost)  
  25  3:03  Pylon  
  25  3:08  Probe (Chrono Boost)  
  26  3:14  Cybernetics Core  
  26  3:25  Forge  
  26  4:04  Pylon  
  26  4:09  Pylon  
  26  4:23  Legionnaire  
  26  4:24  Legionnaire  
  26  4:29  Warp Gate  
  32  4:31  A Strong Heart  
  32  4:53  Adept  
  34  5:15  Probe (Chrono Boost)  
  35  5:29  Probe (Chrono Boost)  
  35  5:30  Kaldalis' A.I. Personality  
  35  5:36  Nexus  
  36  5:43  Probe (Chrono Boost)  
  37  6:20  Talis' A.I. Personality  
  37  6:52  Pylon  
  37  6:56  Pylon  
  37  7:05  Pylon, Twilight Council  
  37  7:11  Pylon  
  37  7:16  Pylon  
  37  8:08  Probe (Chrono Boost)  
  38  8:22  Probe (Chrono Boost)  
  39  8:36  Probe (Chrono Boost)  
  40  8:50  Probe (Chrono Boost)  
  40  8:59  Conservator x2  
  45  9:04  Probe (Chrono Boost), Protoss Ground Weapons Level 1  
  46  9:17  Protoss Air Weapons Level 1  
  46  9:18  Probe (Chrono Boost)  
  47  9:20  Charge  
  47  9:32  Probe (Chrono Boost)  
  48  9:46  Gateway, Probe (Chrono Boost)  
  48  9:47  Gateway  
  49  9:51  Gateway  
  49  9:53  Gateway  
  49  9:59  Probe (Chrono Boost)  
  50  10:20  Psionic Projection  
  50  10:48  Stargate  
  50  10:49  Stargate  
  50  10:52  Probe (Chrono Boost)  
  51  11:00  Robotics Facility  
  51  11:03  Robotics Facility  
  51  11:06  Probe (Chrono Boost)  
  52  11:14  Protoss Ground Armor Level 1  
  52  11:20  Empowered Blades, Probe (Chrono Boost)  
  53  11:32  Adept  
  53  11:33  Adept  
  53  11:34  Probe (Chrono Boost)  
  58  11:48  Probe (Chrono Boost)  
  59  11:57  Protoss Air Armor Level 1  
  53  12:19  Adept x2  
  57  12:20  Debilitation System  
  53  12:57  Legionnaire  
  53  12:59  Legionnaire  
  59  13:04  Conservator  
  59  13:25  Protoss Shields Level 1  
  59  14:03  Fleet Beacon  
  59  14:09  Legionnaire  
  62  14:10  Legionnaire x2  
  62  14:11  Legionnaire  
  62  14:12  Adept  
  62  14:13  Adept  
  62  14:15  Robotics Bay  
  75  14:47  Legionnaire x3  
  75  14:49  Adept x2  
  88  14:50  Adept  
  90  15:10  Conservator  
  90  16:02  Combat Sensor Array  
  90  16:11  Gravitic Boosters  
  90  16:16  Colossus x2  
  90  16:56  Adept x2  
  90  16:57  Adept x2  
  98  17:02  Graviton Catapult  
  95  17:11  Extended Thermal Lance  
  92  17:31  Immortal  
  96  17:48  Legionnaire x2  
  96  17:49  Legionnaire x2  
  105  17:51  Adept x2  
  96  18:20  Adept x5  
  96  18:21  Adept  
  111  19:33  Assimilator  
Tags
 
Add a new tag
Caveats
  • Supply blocks, unpowered buildings, or Contaminate may cause inaccurate times.
  • Supply counts are checked every 10 seconds.